 Dungeon Crawl Stone Soup version 0.27-a0-1188-g73eefd5def (webtiles) character file.

Game seed: 4677898522091296183

23 Zonian the Vandal (level 2, 0/24 HPs)
             Began as a Demigod Hunter on May 22, 2021.
             Slain by a ball python (2 damage)
             ... on level 1 of the Dungeon.
             The game lasted 00:01:42 (359 turns).

Zonian the Vandal (Demigod Hunter)                   Turns: 359, Time: 00:01:42

Health: 0/24       AC:  3    Str: 13    XL:     2   Next: 54%
Magic:  4/4        EV:  8    Int: 13    God:
Gold:   22         SH:  0    Dex: 14    Spells: 1/1 levels left

rFire    . . .     SeeInvis .   b - +0 short sword
rCold    . . .     Faith    .   (no shield)
rNeg     . . .     Spirit   .   c - +0 leather armour
rPois    .         Reflect  .   (no helmet)
rElec    .         Harm     .   (no cloak)
rCorr    .         Rampage  .   (no gloves)
Will     .....                  (no boots)
Stlth    +.........             (no amulet)
HPRegen  0.08/turn              (no ring)
MPRegen  0.09/turn              (no ring)

@: constricted
A: high mp 1, forlorn
a: no special abilities


You were on level 1 of the Dungeon.
You visited 1 branch of the dungeon, and saw 1 of its levels.

You collected 22 gold pieces.

Inventory:

Hand Weapons
 a - a +1 hunting sling
 b - a +0 short sword (weapon)
 e - a +0 war axe
Missiles
 d - 3 sling bullets
 f - 19 stones (quivered)
 j - 8 silver javelins
Armour
 c - a +0 leather armour (worn)
Scrolls
 g - 2 scrolls of identify {unknown}
 i - a scroll of fear {unknown}
Potions
 h - 2 potions of curing {unknown}


   Skills:
 + Level 1.8 Fighting
 + Level 4.3 Slings
 + Level 1.8 Dodging
 + Level 0.8 Stealth


You had one spell level left.
You didn't know any spells.
Your spell library was empty.

Dungeon Overview and Level Annotations

Branches:
Dungeon (1/15)


Innate Abilities, Weirdness & Mutations

Your attributes grow dramatically as you level up.
You have an increased reservoir of magic. (+10% MP)
You shall have no god before yourself.


Message History

The sling bullet closely misses the ball python.
The endoplasm quivers.
The sling bullet hits the endoplasm but does no damage.
The ball python bites you. The ball python closely misses you.
Fire: 6 sling bullets
Press: ? - help, Q - select action, (/) - cycle Shift-Dir - straight line, f/p - ball python
Aim: a ball python (severely wounded, 58% to hit)
You shoot a sling bullet.
The sling bullet closely misses the ball python.
The sling bullet hits the endoplasm but does no damage.
The jackal bites you but does no damage.
The ball python bites you.
* * * LOW HITPOINT WARNING * * *
The ball python grabs you. The ball python constricts you.
Fire: 5 sling bullets
Press: ? - help, Q - select action, (/) - cycle Shift-Dir - straight line, f/p - ball python
Aim: a ball python (severely wounded, constricting you, 58% to hit)
You shoot a sling bullet.
The sling bullet closely misses the ball python.
The sling bullet hits the endoplasm.
The endoplasm is almost dead.
The jackal bites you.
* * * LOW HITPOINT WARNING * * *
The ball python closely misses you. The ball python constricts you.
The jackal barely misses you.
Fire: 4 sling bullets
Press: ? - help, Q - select action, (/) - cycle Shift-Dir - straight line, f/p - ball python
Aim: a ball python (severely wounded, constricting you, 58% to hit)
You shoot a sling bullet.
The sling bullet closely misses the ball python.
The sling bullet hits the endoplasm.
You kill the endoplasm!
The jackal barely misses you.
The ball python bites you but does no damage.
The ball python constricts you.
b - a +0 short sword (weapon)
The jackal bites you.
* * * LOW HITPOINT WARNING * * *
The ball python bites you.
You die...

....##†).......)....#..........#.
.............###((..#......######
.###.........# #(...#......# #
##...........###(...######## #
...............+(..(..... .
##†#.......#.###(...#############
#J#....##.#.# #(...# #........
#.#....####.# #Sh..# #.#######
#...........# #@...# #.....#
###....####.# #....# ####'####
#....# ########PP#.#PP## ###..#
##P≈≈#.#..P## ##.# ##P≈≈≈#.#..PP#
..# #P≈≈≈≈#.#..PPP #.#
#P≈≈≈≈#.#...PP # #######.######
+......<......


You could see a jackal and a ball python.

Vanquished Creatures
  6 endoplasms (D:1)
  2 goblins (D:1)
  5 jackals (D:1)
  A ball python (D:1)
  A frilled lizard (D:1)
  3 kobolds (D:1)
  A rat (D:1)
19 creatures vanquished.

Notes
Turn   | Place    | Note
-------+----------+-------------------------------------------
     0 | D:1      | Zonian the Demigod Hunter began the quest for the Orb.
     0 | D:1      | Reached XP level 1. HP: 17/17 MP: 3/3
   148 | D:1      | Reached skill level 4 in Slings
   172 | D:1      | Reached XP level 2. HP: 24/24 MP: 4/4
   359 | D:1      | Slain by a ball python

Illustrated notes

Levels and vault maps discovered:
D:1:      psy_arrival_terrarium, layout_basic, hellmonk_ecumenical_altar_blasted

Skill      XL: |  1 |
---------------+----+-----
Slings         | 4 |  4.3
Fighting       | |  1.8
Dodging        | |  1.8
Stealth        | |  0.8

Action                   || total
-------------------------++-------
Melee: Short sword       ||    20
 Fire: Hunting sling     ||    28
Armor: Leather armour    ||    11
Dodge: Dodged            ||    16

Table legend: (Time is in decaauts)
 A = Elapsed time spent in this place.
 B = Non-inter-level travel time spent in this place.
 C = Inter-level travel time spent in this place.
 D = Time resting spent in this place.
 E = Time spent auto-exploring this place.
 F = Levels seen in this place.
 G = Mean time per level.
                   A        B        C        D        E       F      G
               +--------+--------+--------+--------+--------+-----+--------+
         Total |    360 |    360 |      0 |    107 |     77 |   1 |  360.0 |
       Dungeon |    360 |    360 |      0 |    107 |     77 |   1 |  360.0 |
               +--------+--------+--------+--------+--------+-----+--------+

Top non-repeatable levels by time:
     D:1: 360 daAuts
